 Dungeon Crawl Stone Soup version 0.23-a0-391-g8c51ad5 (webtiles) character file.

571 MTVSty1e the Chopper (level 7, -13/64 HPs)
             Began as a Minotaur Fighter on Oct 30, 2018.
             Was an Initiate of Okawaru.
             Mangled by an ogre
             ... wielding a +0 giant club
              (25 damage)
             ... on level 4 of the Dungeon.
             The game lasted 00:05:17 (3673 turns).

MTVSty1e the Chopper (Minotaur Fighter)             Turns: 3673, Time: 00:05:17

Health: -13/64     AC: 12    Str: 23    XL:     7   Next: 12%
Magic:  6/6        EV:  4    Int:  5    God:    Okawaru [......]
Gold:   174        SH:  9    Dex:  9    Spells: 6/6 levels left

rFire    . . .     SeeInvis .   a - +0 war axe
rCold    . . .     Gourm    .   c - +0 shield
rNeg     + . .     Faith    .   k - +0 plate armour
rPois    .         Spirit   .   (helmet restricted)
rElec    .         Reflect  .   (no cloak)
rCorr    .         Harm     .   (no gloves)
MR       .....                  r - +0 pair of boots
Stlth    ..........             (no amulet)
HPRegen  0.20/turn              e - ring of positive energy
MPRegen  0.10/turn              (no ring)

@: no status effects
A: retaliatory headbutt, horns 2
a: Renounce Religion


You were on level 4 of the Dungeon.
You worshipped Okawaru.
Okawaru was noncommittal.
You were not hungry.

You visited 2 branches of the dungeon, and saw 5 of its levels.

You collected 174 gold pieces.

Inventory:

Hand Weapons
 a - a +0 war axe (weapon)
Armour
 c - a +0 shield (worn)
 k - a +0 plate armour (worn)
 r - a +0 pair of boots (worn)
Jewellery
 e - a ring of positive energy (left hand)
Scrolls
 h - 4 scrolls of immolation {unknown}
 i - 2 scrolls of blinking {unknown}
 l - a scroll of enchant armour {unknown}
 n - a scroll of teleportation {unknown}
 p - 3 scrolls of remove curse {unknown}
 q - 2 scrolls of fog {unknown}
 t - a scroll of identify {unknown}
Potions
 b - a potion of lignification {unknown}
 d - a potion of invisibility {unknown}
 g - a potion of degeneration {unknown}
 j - a potion of flight {unknown}
 m - 3 potions of agility {unknown}
 o - a potion of brilliance {unknown}
 s - a potion of curing {unknown}
Comestibles
 f - 4 rations


   Skills:
 + Level 6.3 Fighting
 * Level 7.9 Axes
 - Level 3.6 Armour
 - Level 3.6 Shields


You had 6 spell levels left.
You didn't know any spells.
Your spell library was empty.

Dungeon Overview and Level Annotations

Branches:
Dungeon (4/15)             Temple (1/1) D:4

Altars:
Ashenzari
Cheibriados
Fedhas
Gozag
Kikubaaqudgha
Makhleb
Nemelex Xobeh
Okawaru
Qazlal
Ru
Sif Muna
Uskayaw
Wu Jian
Xom
Yredelemnul
Zin
The Shining One


Innate Abilities, Weirdness & Mutations

You reflexively headbutt those who attack you in melee.
You have a pair of horns on your head.


Message History

You are too injured to fight recklessly!
You are too injured to fight recklessly!
You are too injured to fight recklessly!
You are too injured to fight recklessly!
You are too injured to fight recklessly!
You are too injured to fight recklessly!
You are too injured to fight recklessly!
You are too injured to fight recklessly!
You hit the ogre.
The ogre is almost dead.
The ogre hits you with a +0 giant club!
* * * LOW HITPOINT WARNING * * *
Your shield and plate armour prevent you from hitting the ogre.
The ogre is almost dead.
The ogre hits you with a +0 giant club.
* * * LOW HITPOINT WARNING * * *
You hit the ogre.
The ogre is almost dead.
The ogre hits you with a +0 giant club!!
You die...

#.....# +........ #...(.#...
##########........ #.....#...
#................. #.....#....
#.(............### #.....#....
#..............'.)
#.....#...a.#..............#..
#....)#.....#..............#..
#.....#.....O..............#..
#.....# #@........###'##..
#.....# #.........#.......
#.....# #.........#.......
#.....#######.........#.......
#.....................#...##..
#.....................#...##..
#.....................#....#..
#.............>.......'....#..
#.....................#....#..


You could see an ogre and a worker ant.

Vanquished Creatures
  Sigmund (D:4)
  An ogre (D:4)
  A scorpion (D:4)
  A howler monkey (D:4)
  2 orc wizards (D:3)
  10 adders
  An ooze (D:2)
  2 worms (D:3)
  A dart slug (D:1)
  3 leopard geckos
  11 orcs
  3 ball pythons
  7 bats
  A giant cockroach (D:1)
  6 hobgoblins
  7 jackals
  6 kobolds
  3 quokkas
  4 frilled lizards
  8 goblins
  9 rats
88 creatures vanquished.

Notes
Turn   | Place    | Note
-------+----------+-------------------------------------------
     0 | D:1      | MTVSty1e the Minotaur Fighter began the quest for the Orb.
     0 | D:1      | Reached XP level 1. HP: 19/19 MP: 0/0
   122 | D:1      | Reached skill level 3 in Axes
   133 | D:1      | Reached XP level 2. HP: 22/27 MP: 1/1
   360 | D:1      | Reached XP level 3. HP: 33/33 MP: 2/2
   803 | D:2      | Reached skill level 4 in Axes
   844 | D:2      | Reached XP level 4. HP: 35/41 MP: 3/3
  1242 | D:2      | Reached skill level 5 in Axes
  2005 | D:3      | Found a deep blue altar of Sif Muna.
  2017 | D:3      | Reached skill level 5 in Fighting
  2017 | D:3      | Reached XP level 5. HP: 48/48 MP: 4/4
  2177 | D:3      | Reached skill level 6 in Axes
  2706 | D:4      | Reached XP level 6. HP: 44/56 MP: 5/5
  3108 | D:4      | Noticed Sigmund
  3114 | D:4      | Killed Sigmund
  3114 | D:4      | Reached skill level 7 in Axes
  3119 | D:4      | Reached XP level 7. HP: 23/63 MP: 6/6
  3402 | D:4      | Found a staircase to the Ecumenical Temple.
  3462 | Temple   | Entered the Ecumenical Temple
  3481 | Temple   | Became a worshipper of Warmaster Okawaru
  3673 | D:4      | Mangled by an ogre

Vault maps used:
D:1:      dpeg_arrival_radiant, serial_rivers, chequers_serial_rivers_micro_c,
          chequers_serial_rivers_small_3, chequers_serial_rivers_micro_b,
          chequers_serial_rivers_small_b, chequers_serial_rivers_micro_b
D:2:      dk_noncrumbling_3, minmay_misc_feat_enclosed
D:3:      led_sif_book
D:4:      uniq_sigmund, uniq_natasha
Temple:   bh_familiar_temple

Skill      XL: |  1  2  3  4  5  6 |
---------------+-------------------+-----
Axes           | 3 4 5 6 7 |  7.9
Fighting       | 4 5 6 |  6.3
Armour         | |  3.6
Shields        | |  3.6

Action                   |  1- 3 |  4- 6 |  7- 9 || total
-------------------------+-------+-------+-------++-------
Melee: War axe           |    85 |   160 |    19 ||   264
       Headbutt          |     8 |    31 |     2 ||    41
  Use: Potion            |       |     1 |       ||     1
  Eat: Chunk             |       |     2 |       ||     2
       Ration            |       |     2 |       ||     2
Armor: Scale mail        |    23 |       |       ||    23
       Plate armour      |    30 |    90 |     5 ||   125
Dodge: Dodged            |    34 |    33 |     2 ||    69
Block: Shield            |    51 |    82 |     5 ||   138

Table legend:
 A = Non-vault XP
 B = Vault XP
 C = Vault XP percentage of total XP
 D = Non-vault monster count
 E = Vault monster count
 F = Vault count percentage of total count
                 A         B        C        D         E       F
            +---------+---------+-------+---------+---------+-------
      Total |     526 |     291 |  35.6 |      85 |       3 |   3.4
            +---------+---------+-------+---------+---------+-------
        D:1 |      47 |       0 |   0.0 |      26 |       0 |   0.0
        D:2 |     136 |       0 |   0.0 |      33 |       0 |   0.0
        D:3 |      70 |      79 |  53.0 |      15 |       2 |  11.8
        D:4 |     273 |     212 |  43.7 |      11 |       1 |   8.3
            +---------+---------+-------+---------+---------+-------
